 Dungeon Crawl Stone Soup version 0.23-a0-29-g1be82e5 (webtiles) character file.

415 galech the Covered (level 6, 0/53 HPs)
             Began as a Minotaur Fighter on Aug 3, 2018.
             Slain by an ogre
             ... wielding a cursed -1 giant spiked club
              (8 damage)
             ... on level 4 of the Dungeon.
             The game lasted 00:03:25 (3088 turns).

galech the Covered (Minotaur Fighter)               Turns: 3088, Time: 00:03:26

Health: 0/53       AC: 10    Str: 20    XL:     6   Next: 60%
Magic:  5/5        EV:  8    Int:  5    God:
Gold:   238        SH: 10    Dex: 12    Spells: 5/5 levels left

rFire    . . .     SeeInvis +   x - +0 broad axe
rCold    . . .     Gourm    .   c - +0 shield
rNeg     . . .     Faith    .   b - +0 scale mail
rPois    .         Spirit   .   (helmet restricted)
rElec    .         Reflect  .   y - +0 cloak
rCorr    .         Harm     .   (no gloves)
MR       .....                  g - +0 pair of boots
Stlth    ..........             (no amulet)
HPRegen  0.17/turn              k - ring of see invisible
MPRegen  0.09/turn              t - ring of flight

@: no status effects
A: retaliatory headbutt, horns 2
a: Evoke Flight


You were on level 4 of the Dungeon.
You were not hungry.

You visited 1 branch of the dungeon, and saw 4 of its levels.

You collected 238 gold pieces.

Inventory:

Hand Weapons
 a - a +0 war axe
 x - a +0 broad axe (weapon)
Armour
 b - a +0 scale mail (worn)
 c - a +0 shield (worn)
 g - a +0 pair of boots (worn)
 w - a scarf of cloud immunity
 y - a +0 cloak (worn)
Jewellery
 k - a ring of see invisible (left hand)
 t - a ring of flight (right hand)
Wands
 p - a wand of digging (15)
Scrolls
 i - a scroll of enchant weapon {unknown}
 l - a scroll of teleportation {unknown}
 m - a scroll of magic mapping {unknown}
 n - 2 scrolls of fear {unknown}
 q - a scroll of amnesia {unknown}
 r - 2 scrolls of identify {unknown}
Potions
 d - a potion of might
 e - 4 potions of curing
 h - 2 potions of berserk rage {unknown}
 j - 2 potions of mutation {unknown}
 o - 2 potions of agility {unknown}
 s - a potion of heal wounds {unknown}
 u - a potion of lignification {unknown}
 v - a potion of degeneration {unknown}
Comestibles
 f - 9 rations
 z - 5 chunks of flesh


   Skills:
 + Level 4.6 Fighting
 + Level 5.4 Axes
 + Level 5.5 Armour
 + Level 1.6 Dodging
 + Level 0.1 Stealth
 + Level 5.0 Shields


You had 5 spell levels left.
You didn't know any spells.
Your spell library contained the following spells:

 Spells                   Type           Power        Failure   Level  Hunger
 Fireball                 Conj/Fire      #.........   100%        5    ######.
 Conjure Flame            Conj/Fire      #.......     100%        3    ####...
 Throw Flame              Conj/Fire      #.....       100%        2    ###....
 Sticky Flame             Conj/Fire      #.......     100%        4    #####..
 Flame Tongue             Conj/Fire      #....        99%         1    ##.....
 Inner Flame              Hex/Fire       #.......     100%        3    ####...


Dungeon Overview and Level Annotations

Branches:
Dungeon (4/15)
 Temple: D:4-7

Altars:

Annotations:
D:4 Grinder


Innate Abilities, Weirdness & Mutations

You reflexively headbutt those who attack you in melee.
You have a pair of horns on your head.


Message History

Grinder comes into view.
Grinder shouts!
Your shield and scale mail prevent you from hitting the ogre.
Grinder blinks!
You block the ogre's attack. Grinder gestures at you.
You suddenly lose the ability to move!
Grinder gestures at you. Pain shoots through your body!
* * * LOW HITPOINT WARNING * * *
The ogre hits you with a giant spiked club.
* * * LOW HITPOINT WARNING * * *
You can move again.
You see here a giant spiked club.
You hear the slow rusting of a drain nearby.
Grinder blinks!
There is a stone staircase leading up, spattered with blood here.
Things that are here:
a dagger; a robe The ogre hits you with a giant spiked club!
You die...

##+#+###### #.........#
#.).......#
#.####)@.......#
#......O.......#
#.....#.........#
................########
#.....####.######.......
#..... #.######.......
#.... #.5...)5.......
#.... ########.......
### .......


You could see Grinder and an ogre.

Vanquished Creatures
  An ogre (D:4)
  Crazy Yiuf (D:3)
  Natasha (thrice) (D:3)
  4 orc wizards (D:4)
  7 adders
  An ooze (D:3)
  3 dart slugs
  3 leopard geckos
  A giant cockroach (D:2)
  14 goblins
  9 hobgoblins
  2 kobolds (D:1)
  2 quokkas
  6 bats
  3 frilled lizards
  12 rats
  A fungus (D:3)
73 creatures vanquished.

Notes
Turn   | Place    | Note
-------+----------+-------------------------------------------
     0 | D:1      | galech the Minotaur Fighter began the quest for the Orb.
     0 | D:1      | Reached XP level 1. HP: 19/19 MP: 0/0
   173 | D:1      | Reached XP level 2. HP: 25/27 MP: 1/1
   628 | D:2      | Reached XP level 3. HP: 19/33 MP: 2/2
  1255 | D:2      | Reached XP level 4. HP: 37/40 MP: 3/3
  1902 | D:3      | Noticed Natasha
  1912 | D:3      | Killed Natasha
  1912 | D:3      | Reached skill level 5 in Armour
  1912 | D:3      | Reached skill level 1 in Dodging
  2103 | D:3      | Reached XP level 5. HP: 41/46 MP: 4/4
  2287 | D:3      | Noticed Natasha
  2294 | D:3      | Killed Natasha
  2423 | D:3      | Noticed Natasha
  2430 | D:3      | Killed Natasha
  2951 | D:3      | Found a runed door.
  2955 | D:3      | Noticed Crazy Yiuf
  2958 | D:3      | Killed Crazy Yiuf
  3050 | D:4      | Reached XP level 6. HP: 21/53 MP: 5/5
  3051 | D:4      | Reached skill level 5 in Axes
  3071 | D:4      | Reached skill level 5 in Shields
  3073 | D:4      | Noticed Grinder
  3074 | D:4      | Paralysed by Grinder for 3 turns
  3088 | D:4      | Slain by an ogre

Vault maps used:
D:1:      shiori_arrival_oz
D:3:      cheibrodos_greedy_goblins, nrook_loot_triangle, uniq_natasha,
          uniq_crazy_yiuf_cottage
D:4:      minmay_temple_entry_large_hall, portal_sewer_entry_c, uniq_grinder

Skill      XL: |  1  2  3  4  5  6 |
---------------+-------------------+-----
Shields        | 4 5 |  5.0
Armour         | 4 5 |  5.5
Fighting       | 4 |  4.6
Axes           | 3 4 5 |  5.4
Dodging        | 1 |  1.6
Stealth        | |  0.1

Action                   |  1- 3 |  4- 6 || total
-------------------------+-------+-------++-------
Melee: War axe           |    97 |    87 ||   184
       Headbutt          |     4 |    17 ||    21
       Broad axe         |       |    24 ||    24
  Eat: Chunk             |     1 |     6 ||     7
Armor: Scale mail        |    49 |    50 ||    99
Dodge: Dodged            |    39 |    39 ||    78
Block: Shield            |    55 |    51 ||   106

Table legend:
 A = Spawn XP
 B = Non-spawn XP
 C = Spawn XP percentage of total XP
 D = Spawn monster count
 E = Non-spawn monster count
 F = Spawn count percentage of total count
 G = Total turns spent on level
                    A         B        C        D         E        F      G
               +---------+---------+-------+---------+---------+-------+---------
         Total |       0 |     593 |   0.0 |       0 |      72 |   0.0 |  3088
               +---------+---------+-------+---------+---------+-------+---------
           D:1 |       0 |      22 |   0.0 |       0 |      15 |   0.0 |   591
           D:2 |       0 |      99 |   0.0 |       0 |      22 |   0.0 |  1130
           D:3 |       0 |     222 |   0.0 |       0 |      30 |   0.0 |  1314
           D:4 |       0 |     250 |   0.0 |       0 |       5 |   0.0 |    53
               +---------+---------+-------+---------+---------+-------+---------
